 Dungeon Crawl Stone Soup version 0.21-a0-111-g52d2817 (webtiles) character file.

3210 wazuzu the Basher (level 9, -5/51 HPs)
             Began as a Gargoyle Berserker on July 11, 2017.
             Was an Elder of Trog.
             Slain by an ogre
             ... wielding a +0 giant club
              (16 damage)
             ... on level 7 of the Dungeon.
             The game lasted 00:18:52 (6867 turns).

wazuzu the Basher (Gargoyle Berserker)              Turns: 6867, Time: 00:18:53

Health: -5/51      AC: 20    Str: 28    XL:     9   Next: 97%
Magic:  9/9        EV:  7    Int:  8    God:    Trog [****..]
Gold:   378        SH:  0    Dex:  9    Spells: 8/8 levels left

rFire    . . .     SeeInvis .   w - +0 flail
rCold    . . .     Gourm    .   (no shield)
rNeg     + . .     Faith    .   n - +0 plate armour
rPois    ∞         Spirit   .   d - +0 helmet
rElec    +         Reflect  .   p - +1 cloak
rCorr    +         Harm     +   s - +0 pair of gloves
MR       .....                  (no boots)
Stlth    ..........             o - amulet of harm
HPRegen  0.17/turn              a - ring of resist corrosion
MPRegen  0.11/turn              A - +4 ring of strength

@: no status effects
A: negative energy resistance 1, electricity resistance, unbreathing,
petrification resistance, rot immunity, AC +5
a: Berserk, Trog's Hand, Brothers in Arms, Burn Spellbooks, Renounce Religion


You were on level 7 of the Dungeon.
You worshipped Trog.
Trog was greatly pleased with you.
You were not hungry.

You visited 1 branch of the dungeon, and saw 7 of its levels.

You collected 378 gold pieces.

Inventory:

Hand Weapons
 w - a +0 flail (weapon)
Armour
 d - a +0 helmet (worn)
 n - a +0 plate armour (worn)
 p - a +1 cloak (worn)
 s - a +0 pair of gloves (worn)
Jewellery
 a - a ring of resist corrosion (left hand)
 o - an amulet of harm (around neck)
 A - a +4 ring of strength (right hand)
Wands
 y - a wand of flame (48/48)
Scrolls
 b - a scroll of magic mapping {unknown}
 f - a scroll of identify
 g - 4 scrolls of blinking {unknown}
 i - 2 scrolls of fog {unknown}
 k - a scroll of immolation {unknown}
 l - 4 scrolls of remove curse {unknown}
 t - 3 scrolls of fear {unknown}
 B - a scroll of amnesia {unknown}
 D - a scroll of enchant weapon {unknown}
Potions
 e - 2 potions of berserk rage
 h - 3 potions of agility
 m - 3 potions of curing
 q - 2 potions of might
 v - 2 potions of flight
 z - a potion of resistance
 C - a potion of heal wounds
Comestibles
 c - 8 bread rations
 j - 4 royal jellies
 r - 3 chunks of flesh
 u - 12 fruits
 x - 5 meat rations


   Skills:
 - Level 3.2 Fighting
 + Level 13.4 Maces & Flails
 - Level 2.1 Armour
 - Level 1.5 Dodging


You had 8 spell levels left.
You didn't know any spells.

Dungeon Overview and Level Annotations

Branches:
Dungeon (7/15)             Temple (0/1) D:6

Altars:
Kikubaaqudgha
Nemelex Xobeh
Okawaru


Innate Abilities, Weirdness & Mutations

You are resistant to torment.
Your stone body is resilient. (AC +5)
You are immune to poison.
You resist negative energy. (rN+)
You are resistant to electric shocks. (rElec)
You can survive without breathing.
You are immune to petrification.
You are immune to rotting.


Message History

The adder is lightly wounded.
The adder bites you.
You barely miss the adder.
The adder is lightly wounded.
The adder completely misses you.
You thump the adder!
You kill the adder!
Trog accepts your kill. The ogre hits you with a giant club!
You see here an adder corpse.
You sock the ogre!
The ogre is severely wounded.
The ogre hits you with a giant club!
* * * LOW HITPOINT WARNING * * *
You hit the ogre but do no damage.
The ogre is severely wounded.
You hit the ogre.
The ogre is almost dead.
The ogre hits you with a giant club!
You die...

######............##.#.#
...###.#..##.##.#.#
..........##.##.#.#
..........##.##.#..
..........##.##.#
...###.#.###.##.#
.............##.#
...########.....# ###
#@##### # ..# ###O###
#.#####.# #.....#
##.......# .....#†#.#
.........## ......#.....
#......... ..... ..#.###
#.....<(## ......#.#.#
#...[...# ......#.#.#
######### ....# ....#


You could see an ogre.

Vanquished Creatures
  Pikel (D:4)
  The ghost of Charly the Ruffian, an amateur OgCK of Xom (D:4)
  The ghost of sagitran the Skirmisher, an amateur DsAK of Lugonu (D:5)
  Sigmund (D:2)
  2 sky beasts (D:5)
  A black bear (D:6)
  2 phantoms
  5 ogres
  A centaur (D:5)
  A bullfrog (D:7)
  A scorpion (D:4)
  The ghost of sagitran the Skirmisher, a weakling DsAK of Lugonu (D:3)
  3 crimson imps
  2 hounds
  7 orc priests
  10 orc wizards
  Crazy Yiuf (D:2)
  Natasha (thrice) (D:4)
  2 worker ants
  A howler monkey zombie (D:6)
  Robin (D:2)
  7 adders
  An ooze (D:4)
  An adder skeleton (D:5)
  3 worms
  5 dart slugs
  7 leopard geckos
  16 orcs
  17 giant cockroaches
  8 hobgoblins
  16 jackals
  2 quokkas
  4 ball pythons
  7 bats
  4 frilled lizards
  16 goblins
  4 kobolds
  A quokka skeleton (D:5)
  5 rats
172 creatures vanquished.

Vanquished Creatures (others)
  A scorpion (D:4)
1 creature vanquished.

Grand Total: 173 creatures vanquished

Notes
Turn   | Place    | Note
-------+----------+-------------------------------------------
     0 | D:1      | wazuzu the Gargoyle Berserker began the quest for the Orb.
     0 | D:1      | Reached XP level 1. HP: 14/14 MP: 1/1
   114 | D:1      | Reached XP level 2. HP: 18/19 MP: 2/2
   646 | D:1      | Reached skill level 4 in Maces & Flails
   648 | D:1      | Reached XP level 3. HP: 21/23 MP: 3/3
  1033 | D:1      | Reached ** piety under Trog
  1245 | D:2      | Reached XP level 4. HP: 26/28 MP: 4/4
  1360 | D:2      | Found a runed door.
  1364 | D:2      | Noticed Crazy Yiuf
  1370 | D:2      | Killed Crazy Yiuf
  1370 | D:2      | Reached skill level 5 in Maces & Flails
  1498 | D:2      | Noticed Sigmund
  1531 | D:2      | Killed Sigmund
  1531 | D:2      | Reached skill level 6 in Maces & Flails
  1531 | D:2      | Reached XP level 5. HP: 11/32 MP: 5/5
  1531 | D:2      | Reached XP level 6. HP: 12/37 MP: 6/6
  1899 | D:2      | Noticed Robin
  1933 | D:2      | Killed Robin
  2337 | D:2      | Reached skill level 7 in Maces & Flails
  2388 | D:3      | Reached *** piety under Trog
  2574 | D:3      | Noticed sagitran's ghost (weakling DsAK)
  2599 | D:3      | Killed sagitran's ghost
  2769 | D:3      | Reached XP level 7. HP: 39/41 MP: 7/7
  3300 | D:4      | Found an ancient bone altar of Kikubaaqudgha.
  3392 | D:4      | Reached skill level 8 in Maces & Flails
  3455 | D:4      | Noticed Natasha
  3460 | D:4      | Killed Natasha
  3616 | D:4      | Reached skill level 9 in Maces & Flails
  3640 | D:4      | Reached **** piety under Trog
  3711 | D:4      | Noticed Pikel
  3726 | D:4      | Killed Pikel
  3726 | D:4      | Reached skill level 10 in Maces & Flails
  3726 | D:4      | Reached XP level 8. HP: 42/46 MP: 8/8
  3732 | D:4      | Found an iron altar of Okawaru.
  3735 | D:4      | Noticed Natasha
  3747 | D:4      | Killed Natasha
  3779 | D:4      | Noticed Charly's ghost (amateur OgCK)
  3790 | D:4      | Paralysed by Charly's ghost for 2 turns
  3810 | D:4      | Killed Charly's ghost
  3810 | D:4      | Reached skill level 11 in Maces & Flails
  4150 | D:4      | Found a sparkling altar of Nemelex Xobeh.
  4365 | D:4      | Noticed Natasha
  4372 | D:4      | Killed Natasha
  4372 | D:4      | Reached XP level 9. HP: 51/51 MP: 9/9
  4658 | D:5      | Entered Level 5 of the Dungeon
  5027 | D:5      | Reached skill level 12 in Maces & Flails
  5110 | D:5      | Noticed sagitran's ghost (amateur DsAK)
  5121 | D:5      | Paralysed by sagitran's ghost for 4 turns
  5135 | D:5      | Killed sagitran's ghost
  5648 | D:6      | Found a staircase to the Ecumenical Temple.
  5810 | D:6      | Reached skill level 13 in Maces & Flails
  6867 | D:7      | Slain by an ogre

Vault maps used:
D:1:      dpeg_arrival_short_road, minmay_split_cup_large
D:2:      minmay_roachtagon, first_bread, uniq_robin, uniq_sigmund,
          uniq_crazy_yiuf_cottage
D:4:      kennysheep_mini_moat, kennysheep_okawaru_gauntlet,
          nemelex_spade_bored_becter, uniq_natasha, uniq_pikel
D:5:      minmay_hedge_maze, kennysheep_crisscross
D:6:      temple_statues
D:7:      grunt_ogre_cave

Skill      XL: |  1  2  3  4  5  6  7  8  9 |
---------------+----------------------------+-----
Maces & Flails | 4 6 7 10 11 13 | 13.4
Fighting       | |  3.2
Armour         | |  2.1
Dodging        | |  1.5

Action                   |  1- 3 |  4- 6 |  7- 9 || total
-------------------------+-------+-------+-------++-------
Melee: Mace              |   138 |   208 |    20 ||   366
       Flail             |       |       |   461 ||   461
Invok: Berserk           |       |       |     3 ||     3
  Use: Scroll            |       |     5 |     4 ||     9
       Potion            |       |       |     1 ||     1
  Eat: Chunk             |     1 |     5 |    17 ||    23
Armor: Animal skin       |    70 |     4 |       ||    74
       Plate armour      |       |   186 |   330 ||   516
Dodge: Dodged            |   133 |    99 |   119 ||   351
